 Dungeon Sprint DCSS version 0.31-a0-889-g1a8549509d (webtiles) character file.

Game seed: 7611882637551850189

249 sircluck the Ruffian (level 5, -21/61 HPs)
             Began as a Troll Berserker on Oct 16, 2023.
             Was a Believer of Trog.
             Demolished by an orc warrior
             ... wielding a +0 scimitar
             ... led by an orc knight
              (22 damage)
             ... in the Dungeon (Sprint VII: "The Pits").
             The game lasted 00:00:18 (48 turns).

sircluck the Ruffian (Troll Berserker)                Turns: 48, Time: 00:00:19

Health: -21/61     AC:  4    Str: 27    XL:     5   Next: 87%
Magic:  4/4        EV: 11    Int:  3    God:    Trog [**....]
Gold:   0          SH:  0    Dex:  9    Spells: 4/4 levels left

rFire   . .          .
                       - Unarmed
rCold   . . .        (no shield)
rNeg    . . .        a - +0 animal skin
rPois   .            (helmet restricted)
rElec   .            (no cloak)
rCorr   .            (gloves unavailable)
SInv    .            (boots unavailable)
Will    .....        (no amulet)
Stlth   +            (no ring)
HPRegen 1.10/turn    (no ring)
MPRegen 0.09/turn

%: no teleportation
@: on berserk cooldown, slowed, very slow
A: large, unfitting armour, claws 3, regeneration 1, shaggy fur 1, tough skin 1
a: Renounce Religion, Berserk, Trog's Hand


You were in the Dungeon.
You worshipped Trog.
Trog was pleased with you.
You visited 1 branch

Inventory:

Armour
 a - a +0 animal skin (worn)
Scrolls
 g - a scroll of blinking
Potions
 b - a potion of curing
 c - a potion of heal wounds
 d - a potion of haste
 e - 2 potions of magic
 f - a potion of berserk rage


   Skills:
 + Level 6.4 Fighting
 + Level 6.3 Dodging
 + Level 7.6 Unarmed Combat


You had 4 spell levels left.
You didn't know any spells.
Your spell library was empty.

Dungeon Overview and Level Annotations

Branches:
Dungeon (1/1)

Altars:


Innate Abilities, Weirdness & Mutations

You are too large for most types of armour.
You have claws for hands.
Your natural rate of healing is unusually fast.
You are covered in fur. (AC +1)
You have tough skin. (AC +1)


Message History

Trog accepts your kill. The orc hits you with a +0 hand axe.
Your Fighting skill gained 2 levels and is now at level 6!
Your Dodging skill gained 2 levels and is now at level 6!
Your Unarmed Combat skill gained 2 levels and is now at level 7!
You have reached level 5!
Unknown command.
Unknown command.
You scratch the orc.
The orc is severely wounded.
Unknown command.
Unknown command.
Unknown command.
You claw the orc!
You kill the orc!
Trog accepts your kill.
You can now call upon Trog for regeneration and willpower.
Unknown command.
Unknown command.
Unknown command.
Unknown command.
You barely miss the orc knight.
You scratch the orc knight but do no damage.
The orc knight hits you with a +0 war axe.
The orc priest calls down the wrath of Beogh upon you.
Beogh smites you!
* * * LOW HITPOINT WARNING * * *
The orc warrior closely misses you.
You claw the orc knight!
The orc knight is lightly wounded.
You mangle the orc knight!!
The orc knight is heavily wounded.
You are no longer berserk.
You are exhausted.
You feel yourself slow down.
The orc priest hits you but does no damage.
The orc knight hits you with a +0 war axe!
* * * LOW HITPOINT WARNING * * *
The orc warrior hits you with a +0 scimitar!!
You die...

#########++###### ###
................# ..#
......#..#......##..#
................oo..#
................@oo.#
......#..#......##o......
................# ......o
###'#####++###### #######
.......# .......#
.......# ...<...#
.......#


You could see an orc knight, an orc warrior (strong), 2 orc priests and an orc
(strong).

Vanquished Creatures
  A spriggan (D)
  An orc warrior (D)
  An orc (D)
3 creatures vanquished.

Notes
Turn   | Place    | Note
-------+----------+-------------------------------------------
     0 | D        | sircluck the Troll Berserker began the quest for the Orb.
     0 | D        | Reached XP level 1. HP: 22/22 MP: 0/0
    26 | D        | Noticed an orc warrior
    27 | D        | Noticed an orc warrior
    27 | D        | Noticed a spriggan
    27 | D        | Noticed an orc knight
    28 | D        | Noticed an orc priest
    28 | D        | Noticed an orc priest
    38 | D        | Killed an orc warrior
    39 | D        | Reached skill level 5 in Unarmed Combat
    39 | D        | Reached XP level 2. HP: 19/33 MP: 1/1
    39 | D        | Reached XP level 3. HP: 24/41 MP: 2/2
    39 | D        | Reached XP level 4. HP: 28/49 MP: 3/3
    42 | D        | Killed a spriggan
    43 | D        | Reached skill level 7 in Unarmed Combat
    43 | D        | Reached XP level 5. HP: 30/61 MP: 4/4
    44 | D        | Reached ** piety under Trog
    48 | D        | HP: 1/61 [orc knight/+0 war axe (10)]
    48 | D        | Demolished by an orc warrior

Illustrated notes

Levels and vault maps discovered:
D:        pitsprint [storerooms_1, entrance_room_1, metal_vault_5, armoury_2,
          mini_pit_1, grid_room_1, main_hall_1, silver_pit, the_coven_3,
          the_vestibule_1, steel_vault_4, golden_pit, hallway_of_sentries,
          crystal_vault_6, iron_vault_2, final_vault]

Skill      XL: |  1  2  3  4 |
---------------+-------------+-----
Fighting       | 4 6 |  6.4
Dodging        | 4 6 |  6.3
Unarmed Combat | 5 7 |  7.6

Action                     |  1- 3 |  4- 6 || total
---------------------------+-------+-------++-------
  Melee: Unarmed           |     8 |    10 ||    18
 Invoke: Berserk           |     1 |       ||     1
 Armour: Animal skin       |     3 |     7 ||    10
  Dodge: Dodged            |     5 |     3 ||     8

Table legend: (Time is in decaauts)
 A = Elapsed time spent in this place.
 B = Non-inter-level travel time spent in this place.
 C = Inter-level travel time spent in this place.
 D = Time resting spent in this place.
 E = Time spent auto-exploring this place.
 F = Levels seen in this place.
 G = Mean time per level.
                   A        B        C        D        E       F      G
               +--------+--------+--------+--------+--------+-----+--------+
         Total |     41 |     41 |      0 |      0 |      0 |   1 |   41.0 |
       Dungeon |     41 |     41 |      0 |      0 |      0 |   1 |   41.0 |
               +--------+--------+--------+--------+--------+-----+--------+

Top non-repeatable levels by time:
       D: 41 daAuts
